AoeStats
← Milla Magia

Black Forest

506083455Analyzed
4v4 RM · 19d ago on Sep 12, 2026· 17m 40s· 8 players
Game mode
Random Map
Map size
Large (8 player)
Population
200
Speed
Normal
Resources
Standard
Victory
Conquest
Starting age
Dark Age
Ending age
Imperial Age
RankedLock teamsTeams togetherTeam positionsShared explorationLock speedFull tech treeHidden civsTurbo modeCheats
Victory
Defeat
🇵🇰 Saracens · Pakistan
1218
+14
🇰🇷 Ethiopians · South Korea
1211
+15
🇫🇮 Japanese · Finland
1151
+17
🇩🇪 Franks · Germany
1116
+19
🇯🇵 Persians · Japan
1224
-18
🇨🇳 Hindustanis · China
1189
-17
🇮🇳 Jurchens · India
1180
-16
🇬🇧 Koreans · United Kingdom
1121
-14
Zuku
7:58 Loom
10:45 Feudal Age
11:23 Double-Bit Axe
14:38 Horse Collar
PAWA
0:26 Loom
11:06 Feudal Age
12:55 Double-Bit Axe
15:07 Fletching
xeniltildor
13:04 Feudal Age
17:22 Castle Age
15:09 Double-Bit Axe
Milla Magia
5:58 Loom
11:46 Feudal Age
13:16 Double-Bit Axe
15:40 Castle Age
14:19 Horse Collar
16:51 Wheelbarrow
16:54 Bow Saw
Sythe
6:38 Loom
11:32 Feudal Age
13:24 Double-Bit Axe
16:02 Castle Age
14:09 Horse Collar
15:39 Wheelbarrow
15:38 Town Watch
17:24 Bow Saw
17:19 Heavy Plow
doyasan1
12:41 Feudal Age
14:16 Wheelbarrow
13:29 Loom
13:49 Double-Bit Axe
16:40 Castle Age
14:55 Fishing Lines
4Tapping
11:11 Feudal Age
12:41 Loom
15:49 Castle Age
14:24 Double-Bit Axe
14:21 Horse Collar
人在阵地在
5:54 Loom
14:34 Feudal Age
Connection lost

Rejoining the realm…

Still unreachable

The connection could not be restored.

Session expired

The server has moved on; the page needs a fresh start.